[ AOE2 MATCH · #461828313 ]
UnrankedPersians vs Franks
[ REPLAY ANALYSIS · EXTRACTED FROM THE RECORDED GAME ]
Feudal
12:23
Castle
26:58
Imperial
—
| APM avg | 31.9 |
| APM peak | 65 |
| eAPM avg | 20.7 |
| Villagers / military | 100 / 121 |
Focus
⚔️ 32.8% · 🌾 67.2%
Knight ×102 · Scout Cavalry ×17 · Monk ×2
Feudal
—
Castle
—
Imperial
—
| APM avg | 14.3 |
| APM peak | 65 |
| eAPM avg | 7.8 |
| Villagers / military | 19 / 36 |
Focus
⚔️ 35.7% · 🌾 64.3%
Scout Cavalry ×36
Feudal
12:59
Castle
26:51
Imperial
—
| APM avg | 18.0 |
| APM peak | 68 |
| eAPM avg | 14.3 |
| Villagers / military | 37 / 31 |
Focus
⚔️ 42.2% · 🌾 57.8%
Unknown (1944) ×42 · Scout Cavalry ×28 · Spearman ×3
Feudal
7:16
Castle
—
Imperial
—
| APM avg | 68.6 |
| APM peak | 105 |
| eAPM avg | 32.6 |
| Villagers / military | 66 / 73 |
Focus
⚔️ 36.1% · 🌾 63.9%
Spearman ×48 · Kamayuk ×17 · Archer ×6 · Trade Cart ×4 · Skirmisher ×2
Feudal
16:01
Castle
—
Imperial
—
| APM avg | 36.0 |
| APM peak | 89 |
| eAPM avg | 13.4 |
| Villagers / military | 36 / 42 |
Focus
⚔️ 32.9% · 🌾 67.1%
Conquistador ×20 · Knight ×12 · Scout Cavalry ×7 · Spearman ×3
Feudal
7:32
Castle
—
Imperial
—
| APM avg | 30.4 |
| APM peak | 66 |
| eAPM avg | 14.3 |
| Villagers / military | 51 / 55 |
Focus
⚔️ 40.5% · 🌾 59.5%
Camel Scout ×22 · Spearman ×20 · Battering Ram ×7 · Janissary ×6
Match map
Initial resources + every placement click. Lines = walls · curves = elevation contours. ◆ gold · ⬟ stone · ● berries · ✦ relic · ◌ wall gap
Your base· Open — unwalled flank
Juancito's base· Open — unwalled flank
心事浩茫连广宇's base· Open — unwalled flank
노태우's base· Open — unwalled flank
02281's base· Open — unwalled flank
이명박's base· Open — unwalled flank
Smoothed initial terrain · ◌ = detected wall gap · hover for details
Inputs per minute
— king-boxer - - Juancito
Build order — king-boxer
First 150 of 370 actions detected
| 0:02 | Create | Villager (Male) |
| 0:02 | Create | Villager (Male) |
| 0:17 | Research | Double-Bit Axe |
| 0:18 | Research | Double-Bit Axe |
| 0:18 | Research | Double-Bit Axe |
| 0:20 | Create | Villager (Male) |
| 0:56 | Create | Villager (Male) |
| 0:56 | Create | Villager (Male) |
| 0:56 | Create | Villager (Male) |
| 0:57 | Create | Villager (Male) |
| 0:57 | Create | Villager (Male) |
| 0:58 | Create | Villager (Male) |
| 0:59 | Create | Villager (Male) |
| 0:59 | Create | Villager (Male) |
| 0:59 | Create | Villager (Male) |
| 1:00 | Create | Villager (Male) |
| 1:14 | Build | House |
| 1:17 | Build | House |
| 1:25 | Build | Stable |
| 1:39 | Build | Stable |
| 1:41 | Build | House |
| 1:47 | Create | Villager (Male) |
| 1:54 | Build | House |
| 2:11 | Build | House |
| 2:13 | Build | Stable |
| 2:15 | Create | Villager (Male) |
| 2:25 | Build | House |
| 2:27 | Research | Bloodlines |
| 2:27 | Research | Bloodlines |
| 2:27 | Research | Bloodlines |
| 2:42 | Build | Palisade Gate |
| 2:45 | Build | House |
| 2:49 | Create | Scout Cavalry |
| 2:49 | Create | Scout Cavalry |
| 2:49 | Create | Scout Cavalry |
| 2:50 | Create | Villager (Male) |
| 2:54 | Build | House |
| 2:57 | Build | House |
| 2:59 | Build | House |
| 3:01 | Build | House |
| 3:05 | Create | Scout Cavalry |
| 3:05 | Create | Scout Cavalry |
| 3:06 | Create | Scout Cavalry |
| 3:14 | Create | Villager (Male) |
| 3:17 | Create | Villager (Male) |
| 3:18 | Create | Villager (Male) |
| 3:36 | Build | Farm |
| 3:37 | Build | Farm |
| 3:38 | Build | Farm |
| 3:41 | Build | Farm |
| 3:43 | Build | Farm |
| 3:44 | Build | Farm |
| 3:46 | Build | Farm |
| 3:49 | Create | Villager (Male) |
| 3:58 | Create | Villager (Male) |
| 4:04 | Build | Farm |
| 4:15 | Create | Villager (Male) |
| 4:16 | Create | Villager (Male) |
| 4:22 | Build | House |
| 4:30 | Build | House |
| 4:35 | Build | Palisade Wall |
| 4:38 | Create | Villager (Male) |
| 4:38 | Create | Villager (Male) |
| 4:48 | Build | Farm |
| 4:52 | Build | Farm |
| 4:53 | Build | Farm |
| 4:55 | Research | Horse Collar |
| 4:55 | Research | Horse Collar |
| 4:56 | Research | Horse Collar |
| 4:56 | Research | Horse Collar |
| 5:14 | Build | House |
| 5:15 | Build | House |
| 5:20 | Research | Scale Barding Armor |
| 5:20 | Research | Scale Barding Armor |
| 5:20 | Research | Scale Barding Armor |
| 5:20 | Research | Scale Barding Armor |
| 5:21 | Research | Scale Barding Armor |
| 5:39 | Create | Villager (Male) |
| 5:39 | Create | Villager (Male) |
| 5:45 | Build | Farm |
| 5:46 | Build | Farm |
| 5:51 | Create | Villager (Male) |
| 6:02 | Build | Farm |
| 6:03 | Build | Farm |
| 6:06 | Create | Scout Cavalry |
| 6:07 | Create | Scout Cavalry |
| 6:07 | Create | Scout Cavalry |
| 6:07 | Create | Scout Cavalry |
| 6:27 | Create | Scout Cavalry |
| 6:27 | Create | Scout Cavalry |
| 6:27 | Create | Scout Cavalry |
| 6:34 | Build | House |
| 6:40 | Build | Palisade Wall |
| 6:44 | Create | Villager (Male) |
| 6:45 | Create | Villager (Male) |
| 6:48 | Build | House |
| 6:50 | Build | House |
| 6:56 | Create | Scout Cavalry |
| 6:56 | Create | Scout Cavalry |
| 6:56 | Create | Scout Cavalry |
| 6:57 | Create | Scout Cavalry |
| 7:00 | Build | Lumber Camp |
| 7:18 | Research | Forging |
| 7:18 | Research | Forging |
| 7:18 | Research | Forging |
| 7:19 | Create | Villager (Male) |
| 7:19 | Create | Villager (Male) |
| 7:19 | Create | Villager (Male) |
| 7:53 | Build | Farm |
| 7:54 | Build | Farm |
| 7:56 | Build | Farm |
| 7:57 | Build | Farm |
| 7:58 | Build | Farm |
| 7:59 | Build | Farm |
| 8:02 | Create | Villager (Male) |
| 8:02 | Create | Villager (Male) |
| 8:05 | Build | Farm |
| 8:08 | Build | House |
| 8:33 | Build | Mill |
| 8:35 | Build | Farm |
| 8:36 | Build | Farm |
| 8:43 | Build | House |
| 8:45 | Build | House |
| 8:55 | Build | House |
| 9:12 | Create | Villager (Male) |
| 9:14 | Create | Villager (Male) |
| 9:53 | Research | Castle Age |
| 9:53 | Research | Castle Age |
| 9:54 | Research | Castle Age |
| 9:54 | Research | Castle Age |
| 9:54 | Research | Castle Age |
| 10:25 | Build | Farm |
| 10:27 | Build | Farm |
| 10:33 | Build | Farm |
| 10:45 | Research | Gold Mining |
| 10:45 | Research | Gold Mining |
| 10:46 | Research | Gold Mining |
| 10:50 | Build | Mining Camp |
| 12:00 | Build | Stable |
| 12:23 | Age | Feudal Age |
| 12:28 | Create | Knight |
| 12:29 | Create | Knight |
| 12:30 | Research | Bow Saw |
| 12:30 | Research | Bow Saw |
| 12:30 | Research | Bow Saw |
| 12:35 | Create | Knight |
| 12:35 | Create | Knight |
| 12:36 | Create | Knight |
| 12:37 | Create | Knight |
| 12:38 | Create | Knight |
Build order — Juancito
86 actions detected in the replay
| 0:02 | Create | Villager (Male) |
| 0:04 | Create | Villager (Male) |
| 0:18 | Build | Stable |
| 0:32 | Create | Villager (Male) |
| 0:35 | Create | Villager (Male) |
| 0:38 | Create | Villager (Male) |
| 1:03 | Build | Stable |
| 1:10 | Build | House |
| 1:22 | Create | Scout Cavalry |
| 1:32 | Create | Villager (Male) |
| 1:42 | Create | Villager (Male) |
| 1:44 | Build | House |
| 1:46 | Create | Scout Cavalry |
| 1:51 | Build | Stable |
| 1:56 | Create | Scout Cavalry |
| 1:56 | Create | Scout Cavalry |
| 1:58 | Create | Villager (Male) |
| 2:06 | Build | House |
| 2:10 | Create | Villager (Male) |
| 2:10 | Create | Villager (Male) |
| 2:18 | Create | Villager (Male) |
| 2:25 | Create | Scout Cavalry |
| 2:25 | Create | Scout Cavalry |
| 2:25 | Create | Scout Cavalry |
| 2:45 | Build | Mill |
| 2:52 | Create | Scout Cavalry |
| 2:53 | Create | Scout Cavalry |
| 2:53 | Create | Scout Cavalry |
| 2:56 | Build | House |
| 2:59 | Create | Villager (Male) |
| 3:00 | Create | Villager (Male) |
| 3:03 | Build | Farm |
| 3:06 | Build | Farm |
| 3:09 | Build | Farm |
| 3:14 | Create | Scout Cavalry |
| 3:15 | Create | Scout Cavalry |
| 3:25 | Create | Villager (Male) |
| 3:28 | Build | Farm |
| 3:44 | Create | Scout Cavalry |
| 3:58 | Create | Scout Cavalry |
| 4:03 | Build | Farm |
| 4:08 | Build | Farm |
| 4:14 | Create | Scout Cavalry |
| 4:14 | Create | Scout Cavalry |
| 4:14 | Create | Scout Cavalry |
| 4:19 | Build | House |
| 4:24 | Create | Villager (Male) |
| 4:30 | Build | Farm |
| 4:31 | Create | Scout Cavalry |
| 4:32 | Create | Scout Cavalry |
| 4:53 | Research | Scale Barding Armor |
| 4:56 | Create | Villager (Male) |
| 5:02 | Build | Farm |
| 5:10 | Build | Farm |
| 5:14 | Create | Scout Cavalry |
| 5:14 | Create | Scout Cavalry |
| 5:21 | Build | Farm |
| 5:22 | Create | Scout Cavalry |
| 5:22 | Create | Scout Cavalry |
| 5:37 | Create | Scout Cavalry |
| 5:38 | Create | Scout Cavalry |
| 5:51 | Create | Scout Cavalry |
| 5:51 | Create | Scout Cavalry |
| 5:57 | Create | Villager (Male) |
| 5:57 | Create | Villager (Male) |
| 6:02 | Build | Farm |
| 6:08 | Build | Farm |
| 6:10 | Create | Scout Cavalry |
| 6:10 | Create | Scout Cavalry |
| 6:14 | Build | Farm |
| 6:17 | Build | Farm |
| 6:21 | Build | House |
| 6:22 | Build | House |
| 6:27 | Create | Scout Cavalry |
| 6:27 | Create | Scout Cavalry |
| 6:42 | Research | Forging |
| 6:43 | Research | Forging |
| 6:59 | Build | Farm |
| 6:59 | Build | Farm |
| 7:00 | Build | Farm |
| 7:14 | Create | Scout Cavalry |
| 7:14 | Create | Scout Cavalry |
| 7:39 | Create | Scout Cavalry |
| 8:06 | Create | Scout Cavalry |
| 8:06 | Create | Scout Cavalry |
| 8:40 | Create | Villager (Male) |
Build order — 心事浩茫连广宇
First 150 of 189 actions detected
| 0:15 | Create | Villager (Male) |
| 0:15 | Create | Villager (Male) |
| 0:22 | Research | Double-Bit Axe |
| 0:39 | Build | House |
| 0:59 | Research | Horse Collar |
| 0:59 | Research | Horse Collar |
| 1:17 | Build | Stable |
| 1:23 | Create | Villager (Male) |
| 1:24 | Create | Villager (Male) |
| 1:24 | Create | Villager (Male) |
| 1:24 | Create | Villager (Male) |
| 1:35 | Build | Farm |
| 1:36 | Build | Farm |
| 1:39 | Build | Farm |
| 1:40 | Build | Farm |
| 2:07 | Research | Bloodlines |
| 2:22 | Build | Stable |
| 2:33 | Build | Farm |
| 3:03 | Build | House |
| 3:05 | Create | Scout Cavalry |
| 3:06 | Create | Scout Cavalry |
| 3:06 | Create | Scout Cavalry |
| 3:06 | Create | Scout Cavalry |
| 3:06 | Create | Scout Cavalry |
| 3:33 | Build | Market |
| 3:39 | Create | Scout Cavalry |
| 3:39 | Create | Scout Cavalry |
| 3:39 | Create | Scout Cavalry |
| 3:39 | Create | Scout Cavalry |
| 3:50 | Build | Farm |
| 4:08 | Research | Forging |
| 4:27 | Create | Scout Cavalry |
| 4:28 | Create | Scout Cavalry |
| 5:03 | Create | Scout Cavalry |
| 5:04 | Create | Scout Cavalry |
| 5:04 | Create | Scout Cavalry |
| 5:04 | Create | Scout Cavalry |
| 5:18 | Build | House |
| 5:19 | Build | House |
| 5:27 | Create | Scout Cavalry |
| 5:27 | Create | Scout Cavalry |
| 5:28 | Create | Scout Cavalry |
| 5:28 | Create | Scout Cavalry |
| 5:28 | Create | Scout Cavalry |
| 5:46 | Create | Spearman |
| 5:46 | Create | Spearman |
| 5:47 | Create | Spearman |
| 6:00 | Create | Scout Cavalry |
| 6:00 | Create | Scout Cavalry |
| 6:09 | Build | Farm |
| 6:10 | Build | Farm |
| 6:11 | Build | Farm |
| 6:35 | Research | Fletching |
| 6:35 | Research | Fletching |
| 6:44 | Build | Farm |
| 6:47 | Create | Scout Cavalry |
| 6:47 | Create | Scout Cavalry |
| 6:47 | Create | Scout Cavalry |
| 7:24 | Create | Scout Cavalry |
| 7:24 | Create | Scout Cavalry |
| 7:24 | Create | Scout Cavalry |
| 8:25 | Build | Stable |
| 10:00 | Build | House |
| 10:01 | Build | House |
| 10:19 | Research | Castle Age |
| 10:20 | Research | Castle Age |
| 11:23 | Research | Scale Barding Armor |
| 11:24 | Research | Scale Barding Armor |
| 11:38 | Research | Gold Mining |
| 12:40 | Build | Farm |
| 12:59 | Age | Feudal Age |
| 13:07 | Build | Town Center |
| 13:15 | Build | Town Center |
| 13:21 | Create | Unit 1944 |
| 13:21 | Create | Unit 1944 |
| 13:21 | Create | Unit 1944 |
| 13:21 | Create | Unit 1944 |
| 13:22 | Create | Unit 1944 |
| 13:22 | Create | Unit 1944 |
| 13:22 | Create | Unit 1944 |
| 13:22 | Create | Unit 1944 |
| 13:40 | Research | Stone Mining |
| 13:41 | Research | Stone Mining |
| 14:02 | Build | Farm |
| 14:03 | Build | Farm |
| 14:04 | Build | Farm |
| 14:14 | Build | Farm |
| 14:20 | Research | Husbandry |
| 14:20 | Research | Husbandry |
| 14:41 | Research | Heavy Plow |
| 14:41 | Research | Heavy Plow |
| 15:06 | Build | Farm |
| 15:07 | Build | Farm |
| 15:08 | Build | Farm |
| 15:09 | Build | Farm |
| 15:11 | Build | Farm |
| 15:11 | Build | Farm |
| 15:19 | Create | Villager (Male) |
| 15:19 | Create | Villager (Male) |
| 15:19 | Create | Villager (Male) |
| 15:23 | Create | Villager (Male) |
| 15:23 | Create | Villager (Male) |
| 15:52 | Create | Unit 1944 |
| 15:52 | Create | Unit 1944 |
| 15:52 | Create | Unit 1944 |
| 16:25 | Research | Iron Casting |
| 16:26 | Research | Iron Casting |
| 16:50 | Create | Unit 1944 |
| 16:50 | Create | Unit 1944 |
| 16:50 | Create | Unit 1944 |
| 16:50 | Create | Unit 1944 |
| 16:51 | Create | Unit 1944 |
| 16:51 | Create | Unit 1944 |
| 16:51 | Create | Unit 1944 |
| 17:44 | Research | Chain Barding Armor |
| 17:44 | Research | Chain Barding Armor |
| 17:47 | Create | Villager (Male) |
| 17:47 | Create | Villager (Male) |
| 17:48 | Create | Villager (Male) |
| 17:53 | Build | Farm |
| 18:00 | Build | Farm |
| 18:16 | Create | Unit 1944 |
| 18:17 | Create | Unit 1944 |
| 18:17 | Create | Unit 1944 |
| 18:17 | Create | Unit 1944 |
| 18:58 | Create | Villager (Male) |
| 18:58 | Create | Villager (Male) |
| 19:03 | Research | Wheelbarrow |
| 19:03 | Research | Wheelbarrow |
| 19:06 | Create | Unit 1944 |
| 19:06 | Create | Unit 1944 |
| 19:07 | Create | Unit 1944 |
| 19:07 | Create | Unit 1944 |
| 19:31 | Research | Bow Saw |
| 19:31 | Research | Bow Saw |
| 19:38 | Build | Lumber Camp |
| 19:41 | Create | Villager (Male) |
| 19:41 | Create | Villager (Male) |
| 19:41 | Create | Villager (Male) |
| 20:30 | Create | Unit 1944 |
| 20:30 | Create | Unit 1944 |
| 20:30 | Create | Unit 1944 |
| 20:31 | Create | Unit 1944 |
| 20:31 | Create | Unit 1944 |
| 20:37 | Create | Villager (Male) |
| 20:37 | Create | Villager (Male) |
| 20:37 | Create | Villager (Male) |
| 20:37 | Create | Villager (Male) |
| 21:26 | Build | Castle |
| 21:29 | Research | Bodkin Arrow |
Build order — 노태우
First 150 of 208 actions detected
| 0:01 | Create | Villager (Male) |
| 0:04 | Create | Villager (Male) |
| 0:21 | Research | Double-Bit Axe |
| 0:27 | Build | Farm |
| 0:51 | Create | Villager (Male) |
| 0:51 | Create | Villager (Male) |
| 0:52 | Create | Villager (Male) |
| 1:26 | Build | Market |
| 1:29 | Create | Villager (Male) |
| 1:45 | Create | Villager (Male) |
| 2:10 | Build | Farm |
| 2:11 | Create | Villager (Male) |
| 2:33 | Create | Villager (Male) |
| 2:45 | Create | Villager (Male) |
| 2:48 | Build | Farm |
| 2:56 | Create | Villager (Male) |
| 3:00 | Build | Farm |
| 3:03 | Build | Farm |
| 3:34 | Build | Settlement |
| 3:51 | Build | Farm |
| 3:53 | Build | Farm |
| 4:00 | Create | Villager (Male) |
| 4:11 | Build | Archery Range |
| 4:36 | Research | Castle Age |
| 4:36 | Research | Castle Age |
| 5:03 | Create | Spearman |
| 5:04 | Create | Spearman |
| 5:18 | Create | Villager (Male) |
| 5:31 | Create | Spearman |
| 5:34 | Build | House |
| 5:37 | Build | Farm |
| 5:41 | Research | Gold Mining |
| 5:56 | Create | Spearman |
| 6:01 | Build | Barracks |
| 6:22 | Create | Archer |
| 6:23 | Create | Archer |
| 6:26 | Research | Tech 1402 |
| 6:28 | Create | Villager (Male) |
| 6:30 | Research | Stone Mining |
| 6:42 | Create | Archer |
| 6:52 | Create | Spearman |
| 6:54 | Create | Spearman |
| 7:16 | Age | Feudal Age |
| 7:21 | Build | Town Center |
| 7:32 | Research | Squires |
| 7:39 | Research | Crossbowman (upgrade) |
| 7:48 | Build | Farm |
| 8:10 | Research | Wheelbarrow |
| 8:10 | Create | Villager (Male) |
| 8:19 | Build | Farm |
| 8:21 | Create | Villager (Male) |
| 8:21 | Create | Villager (Male) |
| 8:37 | Create | Spearman |
| 8:45 | Create | Villager (Male) |
| 8:57 | Create | Villager (Male) |
| 9:01 | Build | Farm |
| 9:01 | Build | Farm |
| 9:04 | Build | Farm |
| 9:05 | Create | Villager (Male) |
| 9:52 | Research | Pikeman (upgrade) |
| 9:57 | Create | Villager (Male) |
| 9:58 | Create | Villager (Male) |
| 10:07 | Build | Farm |
| 10:12 | Build | Town Center |
| 10:22 | Create | Villager (Male) |
| 10:23 | Create | Villager (Male) |
| 10:27 | Create | Villager (Male) |
| 10:47 | Create | Spearman |
| 10:50 | Create | Archer |
| 10:50 | Create | Archer |
| 10:51 | Create | Villager (Male) |
| 10:53 | Research | Fletching |
| 10:55 | Create | Villager (Male) |
| 10:59 | Create | Villager (Male) |
| 11:11 | Create | Spearman |
| 11:33 | Create | Villager (Male) |
| 11:37 | Create | Villager (Male) |
| 11:39 | Create | Villager (Male) |
| 11:48 | Create | Villager (Male) |
| 12:21 | Create | Villager (Male) |
| 12:22 | Create | Villager (Male) |
| 12:39 | Create | Villager (Male) |
| 12:44 | Create | Villager (Male) |
| 12:44 | Create | Villager (Male) |
| 12:46 | Research | Town Watch |
| 12:49 | Build | Farm |
| 12:55 | Create | Villager (Male) |
| 13:47 | Create | Spearman |
| 13:48 | Create | Spearman |
| 13:50 | Create | Villager (Male) |
| 13:57 | Research | Hand Cart |
| 14:07 | Create | Villager (Male) |
| 14:07 | Create | Villager (Male) |
| 14:13 | Build | Town Center |
| 14:16 | Create | Villager (Male) |
| 14:32 | Create | Spearman |
| 14:36 | Create | Archer |
| 14:37 | Create | Villager (Male) |
| 14:39 | Build | Farm |
| 14:48 | Build | Settlement |
| 14:50 | Create | Villager (Male) |
| 14:52 | Research | Town Patrol |
| 15:09 | Build | Farm |
| 15:13 | Build | Farm |
| 15:17 | Build | Farm |
| 15:28 | Build | Farm |
| 15:31 | Build | Barracks |
| 15:32 | Create | Spearman |
| 15:37 | Research | Scale Mail Armor |
| 15:41 | Create | Villager (Male) |
| 15:49 | Create | Villager (Male) |
| 15:50 | Create | Villager (Male) |
| 15:51 | Create | Villager (Male) |
| 16:10 | Create | Spearman |
| 16:12 | Build | Farm |
| 16:14 | Create | Villager (Male) |
| 16:19 | Create | Spearman |
| 16:19 | Create | Spearman |
| 16:20 | Create | Spearman |
| 16:31 | Build | Settlement |
| 16:36 | Create | Spearman |
| 16:37 | Create | Spearman |
| 16:37 | Create | Spearman |
| 16:37 | Create | Spearman |
| 16:39 | Build | Barracks |
| 16:42 | Create | Villager (Male) |
| 16:48 | Research | Forging |
| 16:48 | Research | Forging |
| 16:48 | Research | Forging |
| 16:59 | Build | Castle |
| 17:09 | Create | Spearman |
| 17:09 | Create | Spearman |
| 17:11 | Create | Spearman |
| 17:11 | Create | Spearman |
| 17:22 | Create | Spearman |
| 17:22 | Create | Spearman |
| 17:22 | Create | Spearman |
| 17:42 | Build | Barracks |
| 17:43 | Create | Spearman |
| 17:43 | Create | Spearman |
| 17:44 | Create | Spearman |
| 17:44 | Create | Spearman |
| 17:44 | Create | Spearman |
| 17:44 | Create | Spearman |
| 17:57 | Create | Spearman |
| 18:38 | Create | Spearman |
| 18:39 | Create | Spearman |
| 18:39 | Create | Spearman |
| 18:39 | Create | Spearman |
| 18:39 | Create | Spearman |
Build order — 02281
128 actions detected in the replay
| 0:06 | Create | Villager (Male) |
| 0:06 | Create | Villager (Male) |
| 0:06 | Create | Villager (Male) |
| 0:25 | Create | Villager (Male) |
| 0:25 | Create | Villager (Male) |
| 0:36 | Build | Stable |
| 1:05 | Create | Villager (Male) |
| 1:10 | Create | Scout Cavalry |
| 1:18 | Build | Stable |
| 1:24 | Build | House |
| 1:31 | Create | Scout Cavalry |
| 1:54 | Build | Farm |
| 1:58 | Build | Farm |
| 2:01 | Build | Farm |
| 2:06 | Build | Farm |
| 2:10 | Create | Villager (Male) |
| 2:15 | Create | Scout Cavalry |
| 2:32 | Create | Scout Cavalry |
| 2:35 | Create | Scout Cavalry |
| 2:40 | Build | House |
| 2:49 | Build | Palisade Wall |
| 2:55 | Create | Villager (Male) |
| 2:58 | Build | Farm |
| 2:59 | Build | Farm |
| 3:02 | Create | Villager (Male) |
| 3:14 | Build | House |
| 3:16 | Create | Scout Cavalry |
| 3:26 | Build | Farm |
| 3:33 | Create | Scout Cavalry |
| 3:43 | Build | Farm |
| 3:44 | Build | Farm |
| 3:57 | Build | Building 490 |
| 3:59 | Create | Villager (Male) |
| 4:06 | Build | Mining Camp |
| 4:15 | Create | Villager (Male) |
| 4:32 | Research | Bloodlines |
| 4:40 | Build | Farm |
| 4:42 | Build | Farm |
| 4:47 | Build | Farm |
| 4:50 | Create | Villager (Male) |
| 5:42 | Research | Scale Barding Armor |
| 5:43 | Create | Villager (Male) |
| 6:00 | Build | Farm |
| 6:03 | Build | Farm |
| 6:04 | Build | Farm |
| 6:07 | Build | Farm |
| 6:08 | Build | Farm |
| 6:12 | Create | Villager (Male) |
| 6:13 | Create | Villager (Male) |
| 6:24 | Build | House |
| 6:26 | Build | House |
| 6:27 | Build | House |
| 7:23 | Research | Forging |
| 7:54 | Create | Spearman |
| 7:54 | Create | Spearman |
| 7:54 | Create | Spearman |
| 8:52 | Create | Villager (Male) |
| 10:00 | Create | Villager (Male) |
| 10:00 | Create | Villager (Male) |
| 10:23 | Create | Villager (Male) |
| 10:28 | Create | Villager (Male) |
| 11:10 | Create | Villager (Male) |
| 11:24 | Create | Villager (Male) |
| 12:31 | Create | Villager (Male) |
| 12:33 | Create | Villager (Male) |
| 12:40 | Build | Farm |
| 12:40 | Build | Farm |
| 12:43 | Research | Castle Age |
| 14:42 | Build | Farm |
| 16:01 | Age | Feudal Age |
| 16:10 | Research | Double-Bit Axe |
| 16:12 | Create | Villager (Male) |
| 16:13 | Create | Villager (Male) |
| 16:13 | Create | Villager (Male) |
| 16:15 | Create | Villager (Male) |
| 16:16 | Create | Villager (Male) |
| 16:53 | Create | Villager (Male) |
| 17:12 | Build | Castle |
| 17:41 | Create | Villager (Male) |
| 18:04 | Research | Husbandry |
| 18:15 | Research | Chain Barding Armor |
| 18:20 | Create | Knight |
| 18:20 | Create | Knight |
| 18:24 | Create | Knight |
| 18:24 | Create | Knight |
| 18:30 | Research | Iron Casting |
| 19:02 | Create | Knight |
| 19:05 | Create | Knight |
| 19:08 | Create | Knight |
| 19:12 | Create | Villager (Male) |
| 19:43 | Build | Stable |
| 19:47 | Research | Town Watch |
| 19:55 | Create | Knight |
| 20:14 | Create | Conquistador |
| 20:14 | Create | Conquistador |
| 20:15 | Create | Conquistador |
| 20:21 | Build | Castle |
| 20:25 | Create | Conquistador |
| 20:32 | Create | Knight |
| 20:33 | Create | Knight |
| 20:42 | Create | Conquistador |
| 20:50 | Research | Padded Archer Armor |
| 21:50 | Create | Conquistador |
| 21:50 | Create | Conquistador |
| 22:05 | Research | Leather Archer Armor |
| 22:09 | Create | Knight |
| 22:09 | Create | Knight |
| 22:30 | Create | Conquistador |
| 22:30 | Create | Conquistador |
| 22:30 | Create | Conquistador |
| 23:00 | Create | Conquistador |
| 23:03 | Create | Conquistador |
| 23:27 | Build | Farm |
| 24:03 | Build | Farm |
| 24:42 | Create | Villager (Male) |
| 24:42 | Create | Villager (Male) |
| 24:48 | Create | Conquistador |
| 24:48 | Create | Conquistador |
| 24:49 | Create | Conquistador |
| 24:51 | Create | Conquistador |
| 25:13 | Create | Villager (Male) |
| 25:14 | Build | Farm |
| 25:15 | Create | Villager (Male) |
| 26:50 | Create | Conquistador |
| 26:50 | Create | Conquistador |
| 26:52 | Create | Conquistador |
| 26:52 | Create | Conquistador |
| 27:13 | Build | Town Center |
Build order — 이명박
First 150 of 158 actions detected
| 0:13 | Create | Villager (Male) |
| 0:13 | Create | Villager (Male) |
| 0:14 | Create | Villager (Male) |
| 0:15 | Create | Villager (Male) |
| 0:45 | Build | Market |
| 1:09 | Build | Farm |
| 1:14 | Create | Villager (Male) |
| 1:14 | Create | Villager (Male) |
| 1:14 | Create | Villager (Male) |
| 1:14 | Create | Villager (Male) |
| 1:42 | Build | House |
| 2:03 | Create | Villager (Male) |
| 2:03 | Create | Villager (Male) |
| 2:04 | Build | Farm |
| 2:25 | Create | Villager (Male) |
| 2:30 | Build | Farm |
| 2:38 | Create | Villager (Male) |
| 3:16 | Build | Mining Camp |
| 3:25 | Create | Villager (Male) |
| 4:03 | Research | Double-Bit Axe |
| 4:52 | Research | Castle Age |
| 5:08 | Create | Spearman |
| 5:08 | Create | Spearman |
| 5:22 | Build | Watch Tower |
| 5:28 | Create | Spearman |
| 6:10 | Create | Spearman |
| 6:10 | Create | Spearman |
| 7:08 | Create | Spearman |
| 7:09 | Create | Spearman |
| 7:09 | Create | Spearman |
| 7:09 | Create | Spearman |
| 7:12 | Create | Spearman |
| 7:18 | Build | House |
| 7:32 | Age | Feudal Age |
| 7:51 | Create | Spearman |
| 7:52 | Create | Spearman |
| 7:52 | Create | Spearman |
| 8:08 | Create | Spearman |
| 8:09 | Create | Spearman |
| 8:09 | Create | Spearman |
| 8:28 | Build | Watch Tower |
| 9:31 | Create | Spearman |
| 9:32 | Build | Farm |
| 10:15 | Create | Villager (Male) |
| 10:15 | Create | Villager (Male) |
| 11:13 | Build | Farm |
| 11:15 | Build | Farm |
| 11:31 | Create | Villager (Male) |
| 11:32 | Create | Villager (Male) |
| 11:32 | Create | Villager (Male) |
| 11:46 | Build | House |
| 11:47 | Build | House |
| 12:31 | Research | Stone Mining |
| 12:41 | Create | Villager (Male) |
| 12:41 | Create | Villager (Male) |
| 12:43 | Research | Bow Saw |
| 12:54 | Build | Farm |
| 12:57 | Build | Farm |
| 13:20 | Build | Town Center |
| 14:02 | Build | Mining Camp |
| 14:36 | Create | Villager (Male) |
| 14:36 | Create | Villager (Male) |
| 15:19 | Create | Villager (Male) |
| 15:19 | Create | Villager (Male) |
| 15:19 | Create | Villager (Male) |
| 15:19 | Create | Villager (Male) |
| 15:19 | Create | Villager (Male) |
| 15:20 | Create | Villager (Male) |
| 15:40 | Build | Farm |
| 16:38 | Build | Castle |
| 17:08 | Create | Villager (Male) |
| 17:08 | Create | Villager (Male) |
| 17:08 | Create | Villager (Male) |
| 17:08 | Create | Villager (Male) |
| 17:10 | Create | Villager (Male) |
| 17:10 | Create | Villager (Male) |
| 17:10 | Create | Villager (Male) |
| 17:14 | Build | Farm |
| 17:18 | Build | Farm |
| 17:20 | Create | Villager (Male) |
| 17:20 | Create | Villager (Male) |
| 17:27 | Build | Stable |
| 17:31 | Build | Stable |
| 17:35 | Build | Stable |
| 17:48 | Build | Siege Workshop |
| 17:57 | Build | Siege Workshop |
| 18:14 | Research | Scale Barding Armor |
| 18:20 | Create | Villager (Male) |
| 18:20 | Create | Villager (Male) |
| 18:25 | Create | Battering Ram |
| 18:25 | Create | Battering Ram |
| 18:46 | Research | Gold Mining |
| 18:54 | Build | Farm |
| 18:57 | Build | Farm |
| 19:11 | Create | Camel Scout |
| 19:12 | Create | Camel Scout |
| 19:16 | Create | Battering Ram |
| 19:28 | Create | Camel Scout |
| 19:36 | Build | Castle |
| 19:40 | Create | Camel Scout |
| 19:40 | Create | Camel Scout |
| 19:47 | Build | Farm |
| 19:51 | Research | Horse Collar |
| 20:27 | Create | Battering Ram |
| 20:27 | Create | Battering Ram |
| 21:23 | Create | Janissary |
| 21:23 | Create | Janissary |
| 21:34 | Create | Camel Scout |
| 21:34 | Create | Camel Scout |
| 21:35 | Create | Camel Scout |
| 21:35 | Create | Camel Scout |
| 21:35 | Create | Camel Scout |
| 21:35 | Create | Camel Scout |
| 21:36 | Create | Camel Scout |
| 21:56 | Build | Town Center |
| 22:03 | Research | Forging |
| 22:12 | Create | Battering Ram |
| 22:12 | Create | Battering Ram |
| 22:17 | Create | Janissary |
| 22:26 | Create | Spearman |
| 22:26 | Create | Spearman |
| 22:26 | Create | Spearman |
| 22:38 | Build | Farm |
| 22:41 | Build | Farm |
| 22:51 | Create | Camel Scout |
| 22:51 | Create | Camel Scout |
| 22:51 | Create | Camel Scout |
| 23:06 | Create | Janissary |
| 23:07 | Create | Janissary |
| 23:20 | Create | Janissary |
| 24:01 | Research | Husbandry |
| 24:04 | Create | Camel Scout |
| 24:04 | Create | Camel Scout |
| 24:05 | Create | Camel Scout |
| 24:05 | Create | Camel Scout |
| 24:11 | Build | Farm |
| 24:13 | Build | Farm |
| 24:16 | Build | Farm |
| 24:39 | Create | Camel Scout |
| 24:40 | Create | Camel Scout |
| 24:40 | Create | Camel Scout |
| 24:46 | Create | Villager (Male) |
| 24:46 | Create | Villager (Male) |
| 25:01 | Build | Archery Range |
| 25:02 | Build | Archery Range |
| 25:04 | Build | Archery Range |
| 25:12 | Build | Farm |
| 25:13 | Create | Villager (Male) |
| 25:13 | Create | Villager (Male) |
| 25:13 | Create | Villager (Male) |
Match timeline
| 0:18 | Juancito · first_building Stable |
| 0:36 | 02281 · first_building Stable |
| 1:17 | 心事浩茫连广宇 · first_building Stable |
| 1:25 | king-boxer · first_building Stable |
| 2:49 | 02281 · wall_segment Palisade Wall x7 |
| 3:56 | 노태우 · first_market_buy 100 food |
| 4:11 | 노태우 · first_building Archery Range |
| 4:18 | 노태우 · first_market_sell 100 wood |
| 4:30 | 이명박 · first_market_buy 100 food |
| 4:35 | king-boxer · wall_segment Palisade Wall x7 |
| 5:23 | 心事浩茫连广宇 · first_market_buy 100 food |
| 6:01 | 노태우 · first_building Barracks |
| 6:40 | king-boxer · wall_segment Palisade Wall x5 |
| 7:16 | 노태우 · age_up feudal |
| 7:32 | 이명박 · age_up feudal |
| 9:24 | Juancito · resign |
| 12:23 | king-boxer · age_up feudal |
| 12:59 | 心事浩茫连广宇 · age_up feudal |
| 16:01 | 02281 · age_up feudal |
| 16:38 | 이명박 · first_building Castle |
| 16:59 | 노태우 · first_building Castle |
| 17:12 | 02281 · first_building Castle |
| 17:27 | 이명박 · first_building Stable |
| 17:48 | 이명박 · first_building Siege Workshop |
| 21:26 | 心事浩茫连广宇 · first_building Castle |
| 22:53 | king-boxer · first_building Monastery |
| 25:01 | 이명박 · first_building Archery Range |
| 25:28 | king-boxer · first_building Archery Range |
| 26:51 | 心事浩茫连广宇 · age_up castle |
| 26:58 | king-boxer · age_up castle |
[ AI ANALYSIS · 1 CREDIT ]
What really happened in this match?
Wolo.gg analyzes every decision: build order, eco, micro, common mistakes by bracket. Personalized analysis on WhatsApp or Discord in 30 seconds.
Civ guide
Persians
Perfil
Jugador #4147451